 Dungeon Crawl Stone Soup version 0.29.1-1-gd02db6906a (webtiles) character file.

Game seed: 11691158430728461037

88 Ijustatesigmund the Trooper (level 4, 0/30 HPs)
             Began as a Gargoyle Fighter on Sept 22, 2022.
             Slain by Crazy Yiuf
             ... wielding a +2 quarterstaff of chaos
              (7 damage)
             ... on level 2 of the Dungeon.
             The game lasted 00:02:37 (2138 turns).

Ijustatesigmund the Trooper (Gargoyle Fighter)      Turns: 2138, Time: 00:02:38

Health: 0/30       AC: 10    Str: 22    XL:     4   Next: 54%
Magic:  4/4        EV:  9    Int:  8    God:
Gold:   114        SH:  5    Dex:  9    Spells: 3/3 levels left

rFire   . . .      SeeInvis .   a - +0 flail
rCold   . . .      Faith    .   c - +1 buckler
rNeg    + . .      Spirit   .   b - +0 scale mail
rPois   ∞          Reflect  .   (no helmet)
rElec   +          Harm     .   (no cloak)
rCorr   .          Rampage  .   (no gloves)
Will    .....                   (no boots)
Stlth   ..........              (no amulet)
HPRegen 0.10/turn               (no ring)
MPRegen 0.09/turn               (no ring)

@: no status effects
A: sickness immunity, AC +3, negative energy resistance 1, electricity
resistance, torment resistance 1, petrification resistance
a: no special abilities


You were on level 2 of the Dungeon.
You visited 1 branch of the dungeon, and saw 2 of its levels.

You collected 114 gold pieces.

Inventory:

Hand Weapons
 a - a +0 flail (weapon)
Armour
 b - a +0 scale mail (worn)
 c - a +1 buckler (worn)
Jewellery
 h - a +4 ring of evasion
 k - an amulet of magic regeneration
Scrolls
 f - a scroll of enchant armour
 g - a scroll of magic mapping
 j - 3 scrolls of identify {unknown}
Potions
 d - a potion of might
 e - a potion of flight {unknown}
 i - a potion of haste {unknown}
 l - a potion of magic {unknown}


   Skills:
 + Level 4.6 Fighting
 + Level 3.5 Maces & Flails
 - Level 3.2 Armour
 - Level 3.2 Shields


You had 3 spell levels left.
You didn't know any spells.
Your spell library was empty.

Dungeon Overview and Level Annotations

Branches:
Dungeon (2/15)

Altars:

Annotations:
D:2 Crazy Yiuf


Innate Abilities, Weirdness & Mutations

You are immune to sickness and miasma.
Your stone body is resilient. (AC +3)
You are immune to poison.
You resist negative energy. (rN+)
You are resistant to electric shocks. (rElec)
You are resistant to unholy torment.
You are immune to petrification.


Message History

No target in view!
A quokka comes into view.
There is a stone staircase leading down here.
The quokka closely misses you.
The quokka bites you but does no damage.
You sock the quokka!
You kill the quokka!
No target in view!
No target in view!
No target in view!
No target in view!
No target in view!
No target in view!
No target in view!
No target in view!
No target in view!
No target in view!
You now have 97 gold pieces (gained 12).
You now have 114 gold pieces (gained 17).
Found a hammer.
Found a runed translucent door.
Crazy Yiuf shouts!
You open the door. You sock Crazy Yiuf!
Crazy Yiuf is severely wounded.
Crazy Yiuf hits you with a +2 quarterstaff of chaos.
Crazy Yiuf burns you.
You hit Crazy Yiuf but do no damage.
Crazy Yiuf is severely wounded.
Crazy Yiuf completely misses you.
You closely miss Crazy Yiuf.
Crazy Yiuf is severely wounded.
Crazy Yiuf whimpers, "Citrus!"
Crazy Yiuf hits you with a +2 quarterstaff of chaos!
Crazy Yiuf burns you.
You closely miss Crazy Yiuf.
Crazy Yiuf is severely wounded.
Crazy Yiuf hits you with a +2 quarterstaff of chaos.
* * * LOW HITPOINT WARNING * * *
Crazy Yiuf hits you with a +2 quarterstaff of chaos!
You die...

##..# #.##
#..........# ....#
#..# ############
##.## #### #.#
##### #.# #..)# #..
#...# ##. ... .#
#g# .# ##@# #.##
##.# #.# #.##
#.######## ##.##
###.##.....# #...##
.........### #....#
.##.##.#.# #....#
.##.##.#.#####....#


You could see Crazy Yiuf.

Vanquished Creatures
  Jessica (D:2)
  An adder (D:2)
  A worm (D:2)
  2 ball pythons
  7 bats
  6 endoplasms
  3 giant cockroaches (D:1)
  6 goblins
  5 hobgoblins
  3 jackals (D:2)
  2 quokkas (D:2)
  A frilled lizard (D:1)
  2 kobolds
  5 rats
45 creatures vanquished.

Notes
Turn   | Place    | Note
-------+----------+-------------------------------------------
     0 | D:1      | Ijustatesigmund the Gargoyle Fighter began the quest for
                  | the Orb.
     0 | D:1      | Reached XP level 1. HP: 14/14 MP: 1/1
   286 | D:1      | Reached XP level 2. HP: 7/19 MP: 2/2
   779 | D:1      | Reached XP level 3. HP: 24/24 MP: 3/3
   791 | D:1      | Reached skill level 4 in Fighting
  1872 | D:2      | Noticed Jessica
  1876 | D:2      | Killed Jessica
  1877 | D:2      | Reached XP level 4. HP: 30/30 MP: 4/4
  2130 | D:2      | Found a runed translucent door.
  2131 | D:2      | Noticed Crazy Yiuf
  2138 | D:2      | Slain by Crazy Yiuf

Illustrated notes

Levels and vault maps discovered:
D:1:      heliophobic_arrival_dark_side_of_the_moon, layout_loops_ring,
          minmay_tall_x
D:2:      layout_loops_ring, uniq_jessica, uniq_crazy_yiuf_cottage

Skill      XL: |  1  2  3 |
---------------+----------+-----
Fighting       | 4 |  4.6
Maces & Flails | 3 |  3.5
Armour         | |  3.2
Shields        | |  3.2

Action                   |  1- 3 |  4- 6 || total
-------------------------+-------+-------++-------
Melee: Flail             |   116 |    12 ||   128
  Use: Scroll            |     2 |       ||     2
Armor: Scale mail        |    72 |     2 ||    74
Dodge: Dodged            |    51 |     3 ||    54
Block: Buckler           |    30 |     1 ||    31
